Unix NetHack Version 3.7.0-90 Work-in-progress - last build Dec 4 2023 15:25:40 (a4ad6ea61a8c493010e15c9251bbb19a34919cb7,branch:master). Game began 2023-12-05 16:00:52, ended 2023-12-05 16:18:41. elenmirie, neutral female human Priestess 0. ... . ..... ....--..... ....)<)...... ....[.--..*... ---..-----.@G |.. ... -.. ... Elenmirie the Acolyte St:13 Dx:8 Co:15 In:13 Wi:18 Ch:10 Neutral Dlvl:3 $:108 HP:0(47) Pw:59(59) AC:3 Xp:5/211 T:3058 Burdened Latest messages: The dwarf thrusts his broad short sword. The dwarf hits! Coco misses the dwarf. Coco misses the dwarf. The gnome picks up a cursed arrow. You miss the dwarf. Coco misses the dwarf. You miss the dwarf. Coco misses the dwarf. The dwarf thrusts his broad short sword. The dwarf hits! Coco misses the dwarf. Coco misses the dwarf. The gnome lord shoots 2 crossbow bolts! The 1st crossbow bolt hits the gnome. The 2nd crossbow bolt misses the gnome. The 2nd crossbow bolt hits Coco. You see here an uncursed arrow. Coco misses the dwarf. The gnome lord shoots 2 crossbow bolts! The 1st crossbow bolt misses you. The 2nd crossbow bolt misses you. The gnome picks up 2 uncursed darts. Coco bites the gnome. The gnome is killed! The gnome lord picks up 2 uncursed darts. You climb up the stairs. You are hit by an arrow. You stop searching. In what direction? k The dart hits it. In what direction? k The dart hits it. In what direction? k In what direction? k The dart misses. An arrow misses you. In what direction? k The dart misses. In what direction? k The dart misses. In what direction? k The dart misses. The gnome hits! You die... Do you want your possessions identified? [ynq] (y) y Do you want to see your attributes? [ynq] (y) y Do you want an account of creatures vanquished? [ynaq] (y) y Do you want to see your conduct and achievements? [ynq] (y) y Do you want to see the dungeon overview? [ynq] (y) y Inventory: Coins $ - 108 gold pieces Weapons k - 39 uncursed +0 darts (at the ready) a - a blessed +1 mace (weapon in right hand) Armor Q - an uncursed +0 dwarvish iron helm (being worn) R - an uncursed +0 pair of iron shoes (being worn) c - an uncursed +0 small shield (being worn) M - a cursed burnt -1 alchemy smock with text "If we we?en't meart ?o eat animals, whv a e the? m?de ou? of meat?" b - an uncursed +0 robe (being worn) Comestibles p - 2 uncursed apples m - 2 uncursed cloves of garlic t - an uncursed food ration f - an uncursed sprig of wolfsbane F - an uncursed tripe ration l - 2 cursed tripe rations Scrolls s - an uncursed scroll of create monster j - an uncursed scroll of enchant armor O - an uncursed scroll of enchant weapon L - a blessed scroll of fire A - an uncursed scroll of identify w - a cursed scroll of identify D - a blessed scroll of remove curse o - an uncursed scroll of remove curse G - a blessed scroll of scare monster N - an uncursed scroll of scare monster Spellbooks x - an uncursed spellbook of cure sickness h - a blessed spellbook of identify r - an uncursed spellbook of knock g - an uncursed spellbook of light Potions P - an uncursed potion of fruit juice S - a blessed potion of full healing B - a blessed potion of healing H - 3 uncursed potions of healing E - a cursed potion of see invisible y - an uncursed potion of speed d - 4 potions of holy water q - 2 uncursed potions of water Rings v - an uncursed ring of invisibility Tools u - an uncursed can of grease (0:14) e - a cursed skeleton key Elenmirie the Priestess's attributes: Background: You were an Acolyte, a level 5 human Priestess. You were neutral, on a mission for Crom who was opposed by Mitra (lawful) and Set (chaotic). You were right-handed. You were in the Gnomish Mines, on level 3. You entered the dungeon 3058 turns ago. You had 211 experience points, 109 more were needed to attain level 6. Basics: You had 0 out of 47 hit points. You had all 59 energy points (spell power). Your armor class was 3. Your wallet contained 108 zorkmids. Autopickup was on for '$' plus thrown. Final Characteristics: Your strength was 13 (limit:18/100). Your dexterity was 8 (limit:18). Your constitution was 15 (limit:18). Your intelligence was 13 (limit:18). Your wisdom was 18 (limit:18). Your charisma was 10 (limit:18). Final Status: You weren't hungry. You were burdened; movement was slightly slowed. You were wielding a mace. You had basic skill with mace. Final Attributes: You were piously aligned. You were guarded. You are dead. Miscellaneous: You never encountered a bones level. Total elapsed playing time was 17 minutes and 48 seconds. Major events: Turn 1: elenmirie the neutral human Priestess entered the dungeon 1246: attained the rank of Acolyte (level 3) 2890: entered the Gnomish Mines 3058: killed by a gnome Vanquished creatures: a human zombie 3 gnome leaders a giant ant 2 floating eyes 4 dwarves a homunculus a giant bat 2 dwarf zombies a wererat an iguana an acid blob 2 coyotes 2 hobbits 2 manes 3 giant rats a cave spider 11 gnomes a gnome zombie 2 geckos 3 jackals a kobold 7 grid bugs 6 lichens a kobold zombie 7 newts 67 creatures vanquished. No species were genocided or became extinct. Voluntary challenges: You read items or engraved 2 times. You never engraved Elbereth. You never genocided any monsters. You never polymorphed an object. You never changed form. You used no wishes. Achievements: You attained the rank of Acolyte. You entered the Gnomish Mines. The Dungeons of Doom: levels 1 to 5 Level 1: A fountain. Level 2: Stairs down to The Gnomish Mines. Level 3: Level 4: Some fountains. Level 5: A fountain, a sink. The Gnomish Mines: levels 3 to 4 Level 3: <- You were here. Final resting place for you, killed by a gnome. Level 4: Game over: ---------- / \ / REST \ / IN \ / PEACE \ / \ | elenmirie | | 108 Au | | killed by a | | gnome | | | | | | 2023 | *| * * * | * _________)/\\_//(\/(/\)/\//\/|_)_______ Goodbye elenmirie the Priestess... You died in The Gnomish Mines on dungeon level 3 with 1152 points, and 108 pieces of gold, after 3058 moves. You were level 5 with a maximum of 47 hit points when you died.